 Dungeon Crawl Stone Soup version 0.31.0-32-g396128a36d (webtiles) character file.

Game seed: 10565180680511779122

511 chababy the Cleaver (level 7, -1/54 HPs)
             Began as a Hill Orc Monk on Mar 25, 2024.
             Was an Elder of Hepliaklqana.
             Killed from afar by a steam dragon (22 damage)
             ... with a ball of steam
             ... on level 5 of the Dungeon.
             The game lasted 00:32:00 (4431 turns).

chababy the Cleaver (Hill Orc Monk)                 Turns: 4431, Time: 00:32:00

Health: -1/54      AC:  4    Str: 16    XL:     7   Next: 19%
Magic:  7/7        EV: 13    Int: 10    God:    Hepliaklqana [****..]
Gold:   205        SH:  0    Dex: 13    Spells: 6/6 levels left

rFire   . . .        a - +0 hand axe (flame)
rCold   + . .        d - orb {light}
rNeg    . . .        b - +1 robe
rPois   .            (no helmet)
rElec   .            (no cloak)
rCorr   .            v - +0 pair of gloves
SInv    +            (no boots)
Will    .....        (no amulet)
Stlth   +            g - ring of see invisible
HPRegen 0.29/turn    o - ring of protection from cold
MPRegen 0.10/turn

%: no passive effects
@: glowing
A: reduced essence
a: Renounce Religion, Ancestor Life: Knight, Ancestor Life: Battlemage, Ancestor
Life: Hexer, Recall Ancestor, Ancestor Identity, Transference, Idealise


You were on level 5 of the Dungeon.
You worshipped Hepliaklqana.
Hepliaklqana was greatly pleased with you.
You visited 1 branch of the dungeon, and saw 5 of its levels.

You collected 205 gold pieces.

Inventory:

Hand Weapons
 a - a +0 hand axe of flaming (weapon)
 c - a +2 dagger of speed
 h - a +0 dagger of venom
 x - a +0 scythe
Armour
 b - a +1 robe (worn)
 d - an orb of light (worn)
 v - a +0 pair of gloves (worn)
Jewellery
 g - a ring of see invisible (left hand)
 o - a ring of protection from cold (right hand)
Talismans
 r - a blade talisman
Wands
 f - a wand of light (7) (quivered)
Scrolls
 i - 2 scrolls of poison {unknown}
 j - a scroll of revelation {unknown}
 p - a scroll of noise {unknown}
 q - a scroll of amnesia {unknown}
 t - a scroll of enchant weapon {unknown}
Potions
 e - a potion of haste {unknown}
 k - a potion of enlightenment {unknown}
 l - a potion of lignification {unknown}
 m - 2 potions of magic {unknown}
 n - a potion of attraction {unknown}
 s - 2 potions of mutation
 u - a potion of might {unknown}
 w - 2 potions of invisibility {unknown}


   Skills:
 + Level 5.3 Fighting
 + Level 1.1 Short Blades
 + Level 8.0 Axes
 + Level 3.6 Dodging
 + Level 0.9 Stealth


You had 6 spell levels left.
You didn't know any spells.
Your spell library contained the following spells:

 Spells                   Type           Power      Damage    Failure   Level
 Foxfire                  Conj/Fire      0%         2x1d4     36%         1
 Sublimation of Blood     Necr           0%         N/A       50%         2
 Petrify                  Alch/Erth      0%         N/A       98%         4
 Irradiate                Conj/Alch      0%         3d11      100%        5


Dungeon Overview and Level Annotations

Branches:
Dungeon (5/15)             Temple (0/1) D:5

Altars:
Ashenzari
Cheibriados
Hepliaklqana

Shops:
D:1 *


Message History

You open the door.
Found an escape hatch in the floor.
There is an open door here.
There is an escape hatch in the floor here.
You slide downwards.
The hatch slams shut behind you.
Found a leather armour.
Found a stone staircase leading down and a stone staircase leading up.
Found a staircase to the Ecumenical Temple.
There is a staircase to the Ecumenical Temple here.
Found a ring mail.
Found an escape hatch in the ceiling.
There is an open door here.
A steam dragon comes into view.
Found a robe.
The steam dragon hisses angrily.
The steam dragon breathes steam at you. The ball of steam misses you.
You swap places.
You are engulfed in a cloud of scalding steam.
A white imp comes into view.
You are engulfed in a cloud of scalding steam.
The steam dragon bites you! The steam dragon claws you.
You barely miss the steam dragon.
Osbert hits the steam dragon.
You hit the steam dragon. You burn the steam dragon.
The steam dragon is moderately wounded.
You are engulfed in a cloud of scalding steam.
The steam dragon bites you! The steam dragon closely misses you.
Osbert misses the steam dragon.
You slash the steam dragon! You burn the steam dragon.
The steam dragon is heavily wounded.
The steam dragon closely misses you. The steam dragon barely misses you.
You hit the steam dragon. You burn the steam dragon.
The steam dragon is severely wounded.
Osbert hits the steam dragon but does no damage.
The white imp gestures at you.
The puff of frost hits Osbert.
Osbert resists.
The steam dragon breathes steam at you. The ball of steam hits you!!
You die...

#.#...#.#.#...#
#.#..#.#.#.#..#
#.#...#.>.#...#
######.#..#.#.#.#..#
#...##.##..#.#.#...#
#...##.#....#.#....#
######...##.#..........##
.........'..#.##......##
..<....R@####. #......#
####[#5.D...# #.##...#
............#
###.####.#.### #. .#.# .
[# # ## ##


You could see the friendly Osbert the ancestor, a steam dragon (catching breath)
and a white imp (ally target).

Vanquished Creatures
  Sigmund (D:4)
  Jessica (D:2)
  An iguana (D:4)
  7 gnolls (D:3)
  6 adders
  A ribbon worm (D:3)
  3 orcs
  5 ball pythons
  2 endoplasms (D:1)
  A giant cockroach (D:4)
  21 goblins
  26 hobgoblins
  2 quokkas (D:2)
  5 bats
  A frilled lizard (D:3)
  6 kobolds
  A rat (D:2)
90 creatures vanquished.

Vanquished Creatures (collateral kills)
  A gnoll (D:3)
  3 adders
  A dart slug (D:4)
  An orc (D:3)
  3 ball pythons
  2 bats
  An endoplasm (D:2)
  5 goblins (D:3)
  5 hobgoblins (D:3)
  2 kobolds (D:3)
  A rat (D:3)
25 creatures vanquished.

Vanquished Creatures (others)
  3 ancestors
3 creatures vanquished.

Grand Total: 118 creatures vanquished

Notes
Turn   | Place    | Note
-------+----------+-------------------------------------------
     0 | D:1      | chababy the Hill Orc Monk began the quest for the Orb.
     0 | D:1      | Reached XP level 1. HP: 19/19 MP: 1/1
   118 | D:1      | Found a faded altar of an unknown god.
   129 | D:1      | Got Plato's Folio of the Shot
   130 | D:1      | Prayed at the altar of an unknown god.
   130 | D:1      | Became a worshipper of Hepliaklqana the Forgotten
   130 | D:1      | Reached * piety under Hepliaklqana
   130 | D:1      | Reached ** piety under Hepliaklqana
   141 | D:1      | Reached XP level 2. HP: 16/24 MP: 2/2
   207 | D:1      | Found Wyacash's Assorted Antiques.
   358 | D:1      | Reached *** piety under Hepliaklqana
   789 | D:2      | Reached XP level 3. HP: 24/29 MP: 3/3
   833 | D:2      | Found a snail-covered altar of Cheibriados.
   973 | D:2      | Noticed Jessica
   980 | D:2      | Killed Jessica
   981 | D:2      | Reached skill level 5 in Axes
   981 | D:2      | Reached XP level 4. HP: 28/36 MP: 4/4
  1966 | D:3      | Reached XP level 5. HP: 27/42 MP: 5/5
  2042 | D:3      | Reached skill level 6 in Axes
  2421 | D:3      | Reached XP level 6. HP: 47/49 MP: 6/6
  2428 | D:3      | Reached skill level 1 in Short Blades
  2611 | D:3      | Found a broken altar of Ashenzari.
  2612 | D:3      | Found a hazy altar of Hepliaklqana.
  2923 | D:3      | Reached **** piety under Hepliaklqana
  3068 | D:4      | Reached skill level 5 in Fighting
  3621 | D:4      | Reached skill level 7 in Axes
  3812 | D:4      | Noticed Sigmund
  3827 | D:4      | Killed Sigmund
  3828 | D:4      | Reached XP level 7. HP: 54/54 MP: 7/7
  4212 | D:4      | Reached skill level 8 in Axes
  4380 | D:5      | Entered Level 5 of the Dungeon
  4381 | D:5      | Found a staircase to the Ecumenical Temple.
  4424 | D:5      | Noticed a steam dragon
  4431 | D:5      | Killed from afar by a steam dragon

Illustrated notes

Levels and vault maps discovered:
D:1:      scummos_arrival_simple_fountains, layout_basic, serial_shops, shop,
          shapermc_ecumenical_altar_rom_forum
D:2:      layout_loops_ring, basic_altar, uniq_jessica
D:3:      minmay_goblin_kobold_castle, layout_loops_cross, minitemple,
          moated_statue
D:4:      layout_gridville, dreamdust_princess_corridor, st_stairs_3,
          uniq_sigmund
D:5:      layout_basic, marbit_many_paths, led_sif_pool,
          minmay_temple_entry_grid

Skill      XL: |  1  2  3  4  5  6  7 |
---------------+----------------------+-----
Fighting       | 4 5 |  5.3
Axes           | 5 6 7 8 |  8.0
Dodging        | 3 |  3.6
Short Blades   | 1 |  1.1
Stealth        | |  0.9

Action                     |  1- 3 |  4- 6 |  7- 9 || total
---------------------------+-------+-------+-------++-------
  Melee: Hand axe          |    42 |   158 |    12 ||   212
         Dagger            |       |    12 |       ||    12
    Use: Scroll            |     2 |     2 |       ||     4
         Potion            |       |     1 |       ||     1
 Armour: Robe              |    41 |    89 |    11 ||   141
  Dodge: Dodged            |    50 |   121 |     9 ||   180
